[Event "Late-Titled-Tuesday-Blitz-April-30-2024"]
[Site "Chess.com"]
[Date "2024.04.30"]
[Round "2"]
[White "Romkachess"]
[Black "Jahonas"]
[Result "0-1"]
[WhiteElo "2635"]
[BlackElo "2401"]
[TimeControl "180+1"]
[EndTime "14:19:06 PDT"]
[Termination "Jahonas won by resignation"]

1. e4 c6 2. d4 d5 3. Nc3 dxe4 4. Nxe4 Nf6 5. Nxf6+ exf6 6. c3 Bf5 7. Bd3 Bg6 8.
Ne2 Bd6 9. Ng3 O-O 10. O-O Qc7 11. Qf3 Nd7 12. Nf5 Bxf5 13. Qxf5 g6 14. Qh3 Rfe8 15.
Bd2 Nf8 16. Rfe1 Bf4 17. Be3 Ne6 18. Bc4 Kg7 19. Qh4 Bg5 20. Qg4 h5 21. Qg3 Qxg3 22. hxg3 Bxe3 23. Rxe3 f5 24. Rae1 Kf6 25. d5 cxd5 26.
Bxd5 Rab8 27. c4 b6 28. b4 Rbc8 29. f4 Re7 30. Kf2 a5 31. a3 axb4 32. axb4 Rcc7 33. Ra1 h4 34. Ra6 hxg3+ 35. Kxg3 g5 36. Bxe6 fxe6 37. Rxb6 gxf4+ 38. Kxf4 Rxc4+ 39. Kf3 Rc1 40. Rb8 Rh1 41. b5 e5 42. Ra3 e4+ 43. Ke2 Rh2 44.
Ra6+ Ke5 45. Kf2 Rg7 46. Re8+ Kf4 47. b6 Rgxg2+ 48. Kf1 Rb2 49. Kg1 Rhg2+ 50. Kf1 Rgc2 51. Ra1 Rxb6 52. Rf8 Rh6 53. Kg1 Rhh2 54. Rf1+ Ke5 55. R1xf5+ Kd4 56. Rf2 Rhxf2 57. Rxf2 Rxf2 58. Kxf2 Kd3 59. Kf1 Kd2 60. Kf2 e3+ 61. Kf3 e2 0-1

[Event "Late-Titled-Tuesday-Blitz-April-30-2024"]
[Site "Chess.com"]
[Date "2024.04.30"]
[Round "2"]
[White "masterofpuppets2"]
[Black "MuhittinBuker"]
[Result "1-0"]
[WhiteElo "2477"]
[BlackElo "2176"]
[TimeControl "180+1"]
[EndTime "14:19:08 PDT"]
[Termination "masterofpuppets2 won on time"]

1. d4 Nf6 2. c4 e6 3. Nc3 Bb4 4. Qc2 c5 5. dxc5 Na6 6. a3 Bxc3+ 7. Qxc3 Nxc5 8. b4 Nce4 9. Qb2 O-O 10. c5 d5 11. f3 Nd7 12. fxe4 Qh4+ 13. g3 Qxe4 14. Nf3 e5 15. Bg2 d4 16. O-O Qg6 17. Nh4 Qe6 18. Nf5 Nf6 19. Nd6 Rb8 20. Nxc8 Rfxc8 21. e3 d3 22. Bd2 e4 23. Bc3 Ng4 24. Bd4 Qh6 25. h4 Nxe3 26. Bxe4 Nxf1 27. Rxf1 d2 28. Qc3 Re8 29. Bd5 Re7 30. Qf3 Rf8 31. Bf2 Qg6 32. Kg2 Qc2 33. Bb3 Qb2 34. Rd1 Rd8 35. Bc4 Qc2 36. Qb3 Qxb3 37. Bxb3 Rd3 38. Bc2 Rxa3 39. Rxd2 g6 40. Bd1 h5 41. Bf3 Kh7 42. Rb2 a6 43. b5 Rd7 44. c6 bxc6 45. bxc6 Rdd3 46. c7 Rdc3 47. Bb6 Rxf3 48. c8=Q Rxg3+ 49. Kh2 Rh3+ 50. Qxh3 Rxh3+ 51. Kxh3 1-0

[Event "Late-Titled-Tuesday-Blitz-April-30-2024"]
[Site "Chess.com"]
[Date "2024.04.30"]
[Round "2"]
[White "DominguezOnYoutube"]
[Black "vladgoncharov"]
[Result "1-0"]
[WhiteElo "2940"]
[BlackElo "2601"]
[TimeControl "180+1"]
[EndTime "14:19:09 PDT"]
[Termination "DominguezOnYoutube won on time"]

1. e4 e6 2. d4 d5 3. Nc3 Nf6 4. e5 Nfd7 5. f4 c5 6. Nf3 Nc6 7. Be3 a6 8. Qd2 b5 9. a3 Qb6 10. Ne2 cxd4 11. Nexd4 Bc5 12. b4 Bxd4 13. Nxd4 Nxd4 14.
Bxd4 Qc6 15. Bd3 Nb6 16. Bc5 Nc4 17. Qf2 Bb7 18. O-O g6 19. Qh4 Qc7 20. a4 Bc6 21.
axb5 Bxb5 22. Qf6 Rg8 23. Qh4 h5 24. Kh1 Qd8 25. Qf2 h4 26. h3 Rh8 27. Kh2 Qc7 28.
Ra2 Kd7 29. Bd4 Kc6 30. Bxc4 Bxc4 31. Ra5 Kb7 32. Rc5 Qd7 33. Ra1 Bb5 34. c3 Rac8 35.
Rxc8 Kxc8 36. Qe1 Kb7 37. Bf2 Qc6 38. Qe3 Kc8 39. Rd1 Kd7 40. Qe1 Qc4 41. Qe3 Rc8 42. Rc1 Qd3 43. Qb6 Rc6 44. Qd4 Qxd4 45. Bxd4 Rc4 46. Ra1 Kc6 47. Kg1 Kb7 48. Kf2 Rc8 49. Kf3 Rh8 50. Ke3 Bc4 51. Bc5 Bb5 52.
Be7 Rh5 53. Bf6 Bc4 54. Kd4 Bb5 55. Kc5 Bc4 56. Kd6 Bb5 57. Ke7 Rf5 58. Bg5 1-0

[Event "Late-Titled-Tuesday-Blitz-April-30-2024"]
[Site "Chess.com"]
[Date "2024.04.30"]
[Round "2"]
[White "FREZZY23"]
[Black "djano"]
[Result "0-1"]
[WhiteElo "2382"]
[BlackElo "2618"]
[TimeControl "180+1"]
[EndTime "14:19:10 PDT"]
[Termination "djano won by resignation"]

1. d4 g6 2. Nf3 Bg7 3. g3 Nf6 4. Bg2 O-O 5. O-O d6 6. c4 Nbd7 7. Nc3 e5 8. h3 Re8 9. e4 exd4 10.
Nxd4 Nc5 11. Re1 a5 12. Bg5 h6 13. Bf4 c6 14. Qc2 Nh5 15. Be3 Qc7 16. Rad1 Nf6 17.
Ndb5 cxb5 18. Nxb5 Qe7 19. Nxd6 Ne6 20. Nxe8 Nxe8 21. f4 Bd7 22. e5 Bc6 23. Bxc6 bxc6 24. Qg2 Qb7 25. b3 a4 26. Rb1 axb3 27. axb3 Ra3 28.
b4 Qd7 29. b5 cxb5 30. cxb5 Bf8 31. b6 Rxe3 32. Rxe3 Bc5 33. Qf2 Qb7 34. Kh2 N8g7 35. Qf3 Qa6 36. Re2 Bxb6 37. Reb2 Bd4 38. Qe2 Qc6 39. Rb8+ Kh7 40. Qg2 Qc3 41. R1b7 g5 42.
Rxf7 Qe3 43. f5 Bxe5 44. fxe6 Bxb8 45. e7 Kg6 46. Qf2 Qxg3+ 47. Qxg3 Bxg3+ 48. Kxg3 Kxf7 49. h4 Kxe7 50. hxg5 hxg5 51. Kg4 Kf6 52. Kg3 Nf5+ 53. Kf3 Nh6 54. Kg3 Kg6 55. Kf3 Kh5 56. Kg3 g4 57. Kh2 Nf5 58. Kg2 Kg5 59. Kf2 g3+ 60. Kg2 Kg4 61. Kg1 Kf3 0-1

[Event "Late-Titled-Tuesday-Blitz-April-30-2024"]
[Site "Chess.com"]
[Date "2024.04.30"]
[Round "2"]
[White "tptagain"]
[Black "chessisveryfun1264"]
[Result "1/2-1/2"]
[WhiteElo "2961"]
[BlackElo "2621"]
[TimeControl "180+1"]
[EndTime "14:19:12 PDT"]
[Termination "Game drawn by stalemate"]

1. d4 e6 2. Nf3 f5 3. Bg5 Nf6 4. e3 b6 5. Be2 Bb7 6. O-O Be7 7. c4 O-O 8. h3 Ne4 9. Bxe7 Qxe7 10. a4 a5 11. Nc3 d6 12. Nd2 Nxc3 13. bxc3 Nd7 14. Bf3 Bxf3 15. Qxf3 Rac8 16. Rab1 Kh8 17. Rb5 e5 18.
Qc6 e4 19. f3 exf3 20. Rxf3 g6 21. e4 fxe4 22. Qxe4 Qxe4 23. Nxe4 Rxf3 24. gxf3 Kg7 25. Kf2 Nf6 26. c5 dxc5 27. dxc5 Nd5 28. cxb6 Nxb6 29. Rxa5 Rd8 30. Ra7 Rd7 31. Nc5 Rd2+ 32. Kg3 Rc2 33. a5 Nd5 34. Ne6+ Kh6 35. Nxc7 Nxc3 36.
a6 Ne2+ 37. Kf2 Nf4+ 38. Ke3 Rxc7 39. Rxc7 Nd5+ 40. Ke4 Nxc7 41. a7 Kg7 42. Ke5 Kf7 43. f4 Ke7 44. f5 g5 45. f6+ Kf7 46. Kf5 h6 47. h4 gxh4 48. Kg4 Kxf6 49. Kxh4 Kg6 50.
Kg4 h5+ 51. Kh4 Kh6 52. Kh3 Kg5 53. Kg3 Na8 54. Kh3 h4 55. Kh2 Kh5 56. Kh3 Kg5 57. Kh2 Kg4 58. Kg2 Nb6 59. Kh2 h3 60. Kh1 Kg3 61. Kg1 h2+ 62. Kh1 Kh3 63. a8=Q Nxa8 1/2-1/2

[Event "Late-Titled-Tuesday-Blitz-April-30-2024"]
[Site "Chess.com"]
[Date "2024.04.30"]
[Round "2"]
[White "VacheH009"]
[Black "TheSilmarils"]
[Result "0-1"]
[WhiteElo "2594"]
[BlackElo "2921"]
[TimeControl "180+1"]
[EndTime "14:19:13 PDT"]
[Termination "TheSilmarils won by resignation"]

1. d4 Nf6 2. c4 e6 3. a3 d5 4. e3 a6 5. Nf3 dxc4 6. Bxc4 b5 7.
Be2 Bb7 8. b4 Nbd7 9. O-O Bd6 10.
Nbd2 O-O 11. Nb3 Qe7 12. Bb2 Bd5 13. Na5 c6 14. Rc1 Rac8 15. Nd2 Bc7 16. Nab3 e5 17.
dxe5 Nxe5 18. Nc5 Rcd8 19. Nxa6 Bd6 20. Qc2 Neg4 21. h3 Nxe3 22. Bxf6 gxf6 23. fxe3 Qxe3+ 24. Rf2 Bg3 25. Rf1 Bxf2+ 26. Rxf2 Bxg2 27. Nf1 Bxf1 28.
Kxf1 Kh8 29. Qf5 Qc1+ 30. Kg2 Rg8+ 31. Bg4 Rg6 32. Kh2 Kg7 33. Nc5 Rd5 34. Qf4 Qxf4+ 35.
Rxf4 Rd2+ 36. Kh1 Ra2 37. Rf3 Rg5 38. Ne4 Re5 39. Ng3 Re1+ 40. Rf1 Rxf1+ 41. Nxf1 Rxa3 42. Nd2 Kg6 43. Nf3 h5 44. Nh4+ Kg5 45. Nf3+ Kh6 46.
Nd4 hxg4 47. hxg4 Kg5 48. Nxc6 Kxg4 49. Kg1 Kg3 50. Kf1 f5 51. Nd4 f4 52. Nxb5 Ra1+ 53.
Ke2 f3+ 54. Ke3 f2 55. Nd4 Re1+ 56. Kd2 f1=Q 57. Nc2 Rd1+ 58. Kc3 Qd3+ 59. Kb2 Rd2 0-1

[Event "Late-Titled-Tuesday-Blitz-April-30-2024"]
[Site "Chess.com"]
[Date "2024.04.30"]
[Round "2"]
[White "luggevoila"]
[Black "NLLO777"]
[Result "0-1"]
[WhiteElo "2341"]
[BlackElo "2541"]
[TimeControl "180+1"]
[EndTime "14:19:13 PDT"]
[Termination "NLLO777 won on time"]

1. e4 c5 2. Nc3 a6 3. Nf3 d6 4. a4 Nf6 5. Bc4 e6 6. O-O Be7 7. d3 O-O 8. Ba2 b6 9. Ne2 Bb7 10. Ng3 Nc6 11. Re1 Qc7 12. c3 b5 13.
Bf4 Rfd8 14. Qe2 Qb6 15. Rad1 bxa4 16. e5 dxe5 17. Nxe5 Nxe5 18. Bxe5 Nd7 19. Nh5 Nxe5 20. Qxe5 Bf8 21. Re3 Qd6 22. Qg5 h6 23. Qg4 Bd5 24. Rg3 Qe5 25. f4 Qf5 26. Qxf5 exf5 27. Nf6+ Kh8 28.
Nxd5 Rab8 29. Rd2 Rb7 30. Bc4 Rdb8 31. Re3 g6 32. Ree2 a5 33. Nf6 Kg7 34. Ne8+ Kh8 35. Nf6 Kg7 36. Nd5 Kh8 37. Kf2 Bg7 38. Kf3 h5 39. h3 Kh7 40. g4 fxg4+ 41. hxg4 hxg4+ 42. Kxg4 f5+ 43. Kg3 Bh6 44. Rh2 Kg7 45. Rde2 a3 46.
bxa3 Rd8 47. a4 Rd6 48. Rb2 Rbd7 49. Rb6 Rxd5 50. Bxd5 Rxd5 51. Rd2 Rd7 52. Rb5 Kf7 53. Rxc5 Bg7 54. Rxa5 Bxc3 0-1

[Event "Late-Titled-Tuesday-Blitz-April-30-2024"]
[Site "Chess.com"]
[Date "2024.04.30"]
[Round "2"]
[White "crosky"]
[Black "Cambek64"]
[Result "0-1"]
[WhiteElo "2338"]
[BlackElo "2532"]
[TimeControl "180+1"]
[EndTime "14:19:16 PDT"]
[Termination "Cambek64 won on time"]

1. d4 Nf6 2. Bg5 d5 3. Nd2 e6 4.
e3 Be7 5. Bd3 c5 6. c3 O-O 7. f4 b6 8. Ngf3 Ba6 9. Bxa6 Nxa6 10.
Qe2 Nb8 11. Ne5 Nfd7 12. Bxe7 Qxe7 13. O-O Nxe5 14. fxe5 Nd7 15. Qg4 f6 16. exf6 Nxf6 17. Qh4 Rae8 18. Nf3 Nd7 19. Qg3 e5 20. Nh4 Qe6 21.
h3 a5 22. Qg5 g6 23. a4 c4 24. Nf3 e4 25. Nh2 Rf5 26. Qg3 Ref8 27. Rxf5 Rxf5 28. Ng4 Kg7 29. Qc7 Rf7 30. Rf1 Rxf1+ 31. Kxf1 Qf7+ 32.
Kg1 h5 33. Nh2 Qe6 34. g4 h4 35. Kg2 g5 36. Qd8 Kg6 37. Nf1 Nf6 38. Nd2 Qc6 39.
Nf1 Qxa4 40. Qxb6 Qc2+ 41. Kg1 a4 42. Qb4 Qb3 43. Qxb3 cxb3 44. Nd2 Kf7 45. Kf2 Ke6 46. Ke2 Kd6 47. Kd1 Kc6 48. Kc1 Kb5 49. Kb1 Ne8 50. Kc1 Nd6 51. Kb1 Nc4 52. Kc1 Nxd2 53. Kxd2 Kc4 54.
Kc1 Kd3 55. Kb1 Kxe3 56. c4 Kxd4 0-1

[Event "Late-Titled-Tuesday-Blitz-April-30-2024"]
[Site "Chess.com"]
[Date "2024.04.30"]
[Round "2"]
[White "Carlitus2004"]
[Black "MyDream003"]
[Result "1/2-1/2"]
[WhiteElo "2490"]
[BlackElo "2825"]
[TimeControl "180+1"]
[EndTime "14:19:18 PDT"]
[Termination "Game drawn by repetition"]

1. e4 c6 2. d4 d5 3. exd5 cxd5 4. Nf3 Nc6 5. c3 e6 6. Bd3 Bd6 7. O-O Nge7 8. Qe2 Qc7 9. b3 b6 10. Na3 a6 11. Bb2 Bb7 12. c4 h6 13. Rac1 O-O 14. c5 Bf4 15. cxb6 Qxb6 16. Rc5 Rac8 17. g3 Bd6 18. Rcc1 Nf5 19. Nc2 Rfe8 20. Rfe1 Re7 21. g4 Bf4 22. gxf5 exf5 23. Qf1 Re4 24. Bxe4 fxe4 25. Ne5 Nxe5 26. dxe5 Qg6+ 27. Qg2 Qh5 28. Ne3 Rd8 29. Qg4 Qxh2+ 30. Kf1 Bxe5 31. Bxe5 Qxe5 32.
Kg2 d4 33. Qf5 Qe7 34. Rcd1 dxe3 35. Rxd8+ Qxd8 36. Rxe3 g6 37. Qf4 Qf8 38. Rh3 Kh7 39. Kg1 Bd5 40. Rc3 Qg7 41. Rc7 a5 42. Kh2 Be6 43.
Ra7 Qd4 44. Rxa5 Qd7 45. Rc5 Qa7 46. Rc7 Qxa2 47. Rxf7+ Bxf7 48. Qxf7+ Kh8 49. Qf8+ Kh7 50. Qf7+ Kh8 51. Qf8+ Kh7 52. Qf7+ 1/2-1/2

[Event "Late-Titled-Tuesday-Blitz-April-30-2024"]
[Site "Chess.com"]
[Date "2024.04.30"]
[Round "2"]
[White "1g60-1"]
[Black "LuciaMalanRamos"]
[Result "1/2-1/2"]
[WhiteElo "2443"]
[BlackElo "2120"]
[TimeControl "180+1"]
[EndTime "14:19:18 PDT"]
[Termination "Game drawn - insufficient material"]

1. e4 c5 2. d4 cxd4 3. c3 d3 4.
Bxd3 Nc6 5. Nf3 Nf6 6. c4 e6 7.
Nc3 Bb4 8. Bd2 O-O 9. O-O d5 10. e5 Nd7 11. Bxh7+ Kxh7 12. Ng5+ Kg6 13. Qc2+ f5 14.
exf6+ Kxf6 15. Nh7+ Kf7 16. Nxf8 Kxf8 17. cxd5 exd5 18. Nxd5 Bxd2 19. Qxd2 Nf6 20. Rad1 Nxd5 21. Qxd5 Qxd5 22. Rxd5 Be6 23. Rb5 Bc4 24. Rxb7 Bxf1 25. Kxf1 Nd4 26. g3 a5 27. Kg2 a4 28. Rb4 Nc6 29.
Rh4 Kg8 30. Rc4 Ne5 31. Rc7 Nd3 32. Rb7 a3 33. bxa3 Rxa3 34. Rb3 Rxb3 35. axb3 Kf7 36.
Kf3 Ke6 37. Ke3 Nb4 38. Kd4 Kd6 39. h4 Nc2+ 40. Ke4 Nb4 41. Kf5 Ke7 42. Kg6 Kf8 43. f4 Nc6 44. h5 Nd4 45. b4 Kg8 46. g4 Kf8 47. g5 Ne6 48. Kf5 Kf7 49. h6 gxh6 50.
gxh6 Nd4+ 51. Ke4 Nb5 52. Kd5 Kg6 53. Kc5 Na3 54. f5+ Kxh6 55. Kd6 Kg5 56. Ke6 Nb5 57. f6 Nd4+ 58. Ke7 Nc6+ 59. Ke8 Kxf6 60. b5 Na5 61.
Kd8 Ke6 62. Kc7 Kd5 63. Kb6 Nc4+ 64. Ka6 Kc5 65. b6 Nxb6 1/2-1/2

[Event "Late-Titled-Tuesday-Blitz-April-30-2024"]
[Site "Chess.com"]
[Date "2024.04.30"]
[Round "2"]
[White "Ditman2007"]
[Black "aranibos"]
[Result "1/2-1/2"]
[WhiteElo "2670"]
[BlackElo "2301"]
[TimeControl "180+1"]
[EndTime "14:19:20 PDT"]
[Termination "Game drawn by repetition"]

1. e4 c6 2. d4 d5 3. Nc3 dxe4 4. Nxe4 Bf5 5. Ng3 Bg6 6. h4 h6 7. Nf3 Nd7 8. h5 Bh7 9. Bd3 Bxd3 10. Qxd3 e6 11.
Bf4 Qa5+ 12. Bd2 Qc7 13. O-O-O Ngf6 14. Ne4 Nxe4 15. Qxe4 Nf6 16. Qe2 O-O-O 17. Kb1 Bd6 18. g3 Rhe8 19. Ne5 Bxe5 20. dxe5 Nd5 21. c4 Ne7 22.
Bf4 Nf5 23. Qe4 Rxd1+ 24. Rxd1 Rd8 25. Rd3 Rxd3 26. Qxd3 Qd7 27. Kc2 Qxd3+ 28. Kxd3 c5 29. g4 Ne7 30. Be3 b6 31. f4 Nc6 32. Ke4 Kd7 33.
g5 Ne7 34. a3 Nf5 35. Bf2 a5 36. b3 Ke7 37. b4 axb4 38. axb4 cxb4 39. Bxb6 b3 40.
Kd3 b2 41. Kc2 Ng3 42. Bc5+ Ke8 43. Kxb2 Nxh5 44. Be3 Ng3 45. Kc3 Nf5 46. Bc5 h5 47.
Kd3 Kd7 48. Ke4 Kc6 49. Bf2 g6 50. Bg1 Ne7 51. Kd3 Nf5 52. Bf2 h4 53. Ke4 Ng3+ 54.
Kf3 Nf5 55. Kg4 Kc7 56. Ba7 Kc6 57. Bg1 Kc7 58. Kf3 Kc6 59. Bf2 h3 60. Bg1 h2 61.
Bxh2 Kc5 62. Bg1+ Kxc4 63. Ke4 Kc3 64. Bb6 Kc4 65. Ba7 Ng3+ 66. Kf3 Nf5 67. Ke4 Ng3+ 68. Ke3 Kd5 69. Kd3 Nf5 70. Bf2 Ne7 71. Be1 Nf5 72.
Bb4 Ng3 73. Ke3 Nf5+ 74. Kf3 Nd4+ 75. Kg4 Nf5 76. Kf3 Nd4+ 77. Ke3 Nf5+ 78. Kd3 Ng3 79. Ba3 Nh5 80. Bc1 Ng3 81. Bd2 Nf5 82. Be1 Ne7 83.
Bf2 Nf5 84. Bb6 Ne7 85. Bd8 Nf5 86. Ba5 Ng3 87. Ke3 Nf5+ 88. Kf3 Nd4+ 89. Ke3 Nf5+ 90. Kd3 Ng3 91. Bb6 Nf5 92. Bg1 Ne7 93. Bf2 Nf5 94. Be1 Ne7 95. Bd2 Nf5 96. Bc1 Ne7 97. Bb2 Nf5 98. Ba1 Ne7 99. Bc3 Nf5 100. Bb4 1/2-1/2

[Event "Late-Titled-Tuesday-Blitz-April-30-2024"]
[Site "Chess.com"]
[Date "2024.04.30"]
[Round "2"]
[White "Djager97"]
[Black "ArchibaldCerveza29"]
[Result "1-0"]
[WhiteElo "2566"]
[BlackElo "2360"]
[TimeControl "180+1"]
[EndTime "14:19:20 PDT"]
[Termination "Djager97 won by checkmate"]

1. e4 e5 2. Nf3 Nc6 3. Bc4 Nf6 4. d3 Bc5 5. O-O a6 6. Be3 Bxe3 7. fxe3 d5 8. exd5 Nxd5 9. Nxe5 Nxe5 10. Qh5 Qd6 11. Bxd5 Qxd5 12. d4 Be6 13. Nc3 Qd6 14. Qxe5 Qxe5 15. dxe5 O-O-O 16. Rad1 Rxd1 17. Rxd1 Rd8 18. Rxd8+ Kxd8 19. Kf2 Ke7 20. Kf3 b6 21. a3 h6 22. b4 Bf5 23. e4 Be6 24. Nd5+ Kd7 25. Ke3 Kc6 26. Kd4 Kb7 27. Nf4 Ba2 28. Nh5 g6 29.
Nf6 Kc6 30. c4 b5 31. c5 Be6 32. Ng8 h5 33. h4 Kd7 34. Nf6+ Ke7 35. c6 Bc4 36. Nd5+ Kd8 37. e6 fxe6 38. Nf4 Ke7 39. Nxg6+ Kf6 40. Ne5 Bb3 41. Nf3 Bc2 42. g3 Bd1 43.
Ne5 Be2 44. Nd7+ Ke7 45. Nc5 Kd6 46. e5+ Kxc6 47. Nxe6 Bg4 48. Nc5 Kb6 49. e6 Bf5 50. Ke5 Bg6 51. Kf6 Be8 52. Ke7 Bc6 53. Kd8 a5 54. Nd7+ Ka7 55. e7 Bxd7 56. Kxd7 axb4 57. axb4 c5 58. bxc5 b4 59. e8=Q b3 60. Kc7 b2 61.
Qb8+ Ka6 62. Qb6# 1-0

[Event "Late-Titled-Tuesday-Blitz-April-30-2024"]
[Site "Chess.com"]
[Date "2024.04.30"]
[Round "2"]
[White "samidescalona2002"]
[Black "rdarruda"]
[Result "1-0"]
[WhiteElo "2788"]
[BlackElo "2546"]
[TimeControl "180+1"]
[EndTime "14:19:21 PDT"]
[Termination "samidescalona2002 won by resignation"]

1. d4 Nf6 2. Bf4 g6 3. e3 d6 4. h3 Bg7 5. Nf3 c5 6. c3 O-O 7. Be2 b6 8. Nbd2 Bb7 9. O-O Nc6 10. a4 Qc7 11. Bh2 Rfe8 12. Nc4 a6 13. Qb3 Nd7 14. Rfd1 Rab8 15. Ng5 Rf8 16. Nf3 Ba8 17. Na3 Na5 18. Qc2 cxd4 19. exd4 Bd5 20. Re1 Rfe8 21. Bxa6 Bb3 22. Qe2 Bxa4 23. Bb5 Bxb5 24. Qxb5 Nc6 25. Nc4 Na7 26. Qa6 Rb7 27. Ne3 Nf6 28. Qc4 Qxc4 29. Nxc4 b5 30. Ne3 Rc8 31. Ra6 Nc6 32. Rea1 Rbb8 33. d5 Nd8 34. Nd4 Kf8 35. Ndc2 Nb7 36. Ra7 Nd8 37. Nb4 Ne4 38. Bf4 Nc5 39. Bg5 Rb7 40. Rxb7 Ncxb7 41. Ra7 h6 42. Bf4 g5 43. Bg3 Ke8 44. Nf5 Bf8 45. Nc6 Nxc6 46. dxc6 Nd8 47. c7 Ne6 48. Rb7 Nxc7 49. Rb6 d5 50. Bxc7 e6 51.
Rxb5 exf5 52. Be5 Rd8 53. Bd4 Kd7 54. Kf1 Kc6 55. Rb6+ Kc7 56. Rf6 Rd7 57. Rxf5 Bd6 58. Ke2 Bf4 59. Kd3 Kc6 60. g3 Bc7 61. Rf6+ Rd6 62.
Rxf7 Re6 63. Rf6 Bd6 64. Rxe6 1-0

[Event "Late-Titled-Tuesday-Blitz-April-30-2024"]
[Site "Chess.com"]
[Date "2024.04.30"]
[Round "2"]
[White "nabukatnezarr"]
[Black "Indefatigable11"]
[Result "1-0"]
[WhiteElo "2599"]
[BlackElo "2369"]
[TimeControl "180+1"]
[EndTime "14:19:21 PDT"]
[Termination "nabukatnezarr won by resignation"]

1. e4 c5 2. Nc3 g6 3. Bc4 Bg7 4. a3 d6 5. d3 Nc6 6. Ba2 Nf6 7. Nge2 O-O 8. O-O Nd7 9. f4 a6 10. f5 b5 11. Nf4 Nde5 12. fxg6 hxg6 13. Ncd5 e6 14. Ne3 Bb7 15. c3 Qe7 16. d4 cxd4 17. cxd4 Nxd4 18. Kh1 Ndc6 19. Bd2 Rac8 20. Bc3 Rfd8 21.
Qe2 Qg5 22. Bxe6 fxe6 23. Nxe6 Qh4 24. Nxd8 Nxd8 25. Nd5 Ne6 26. g3 Qd8 27. Rad1 Nc5 28. Kg1 Qg5 29. Bd2 Qd8 30. Bf4 Ne6 31. Rd2 Nc4 32. Rdd1 Bxd5 33. exd5 Nd4 34. Qg4 Qe8 35. Rde1 Ne5 36. Bxe5 Bxe5 37. Re4 Rc2 38. Rxd4 Bxd4+ 39. Qxd4 Qe2 40. Qf2 Qxf2+ 41. Rxf2 Rc1+ 42. Kg2 Rc5 43. Rd2 Kf7 44. Kf3 Kf6 45. Ke4 Rc4+ 46. Kd3 Ke5 47. b3 Rd4+ 48. Ke2 Rxd2+ 49. Kxd2 Kxd5 50. Kd3 Ke5 51. h3 d5 52. Ke3 Kf5 53. Kd4 Ke6 54. g4 Kd6 55. h4 Ke6 56. h5 gxh5 57.
gxh5 Kf5 58. h6 Kg5 59. h7 Kg6 60. Kxd5 Kxh7 61. Kc6 Kg6 62. Kb6 Kf5 63. Kxa6 b4 64.
axb4 Ke6 65. b5 Kd7 66. b6 Kc8 67. Ka7 Kd7 68. b7 Kc6 69. b8=Q 1-0

[Event "Late-Titled-Tuesday-Blitz-April-30-2024"]
[Site "Chess.com"]
[Date "2024.04.30"]
[Round "2"]
[White "Zapateado"]
[Black "Goryachkina"]
[Result "0-1"]
[WhiteElo "2389"]
[BlackElo "2692"]
[TimeControl "180+1"]
[EndTime "14:19:22 PDT"]
[Termination "Goryachkina won by checkmate"]

1. c4 Nf6 2. Nc3 c5 3. g3 g6 4. Bg2 Bg7 5. e4 Nc6 6. Nge2 O-O 7. O-O d6 8. d3 Bd7 9. h3 a6 10. Be3 Rb8 11. a4 Ne8 12. d4 cxd4 13. Nxd4 Nc7 14. f4 Ne6 15. Nde2 Nc5 16. Rb1 Nb4 17. Nd5 Nxd5 18. cxd5 Bxa4 19. b3 Bb5 20. Bxc5 dxc5 21. e5 f6 22. d6 fxe5 23. fxe5 exd6 24. exd6 Bxe2 25. Qxe2 Qxd6 26. Qg4 Qd4+ 27. Qxd4 Bxd4+ 28. Kh2 b5 29. Bd5+ Kg7 30. Rbe1 Rxf1 31. Rxf1 Rd8 32. Rf7+ Kh8 33. Bb7 a5 34. Bc6 c4 35. bxc4 bxc4 36.
Rd7 Rxd7 37. Bxd7 Kg7 38. Kg2 Kf6 39. Kf3 Ke5 40. Ba4 Kd6 41. Ke4 Kc5 42. g4 Bf2 43.
Kf3 Kb4 44. Bc2 Bc5 45. h4 a4 46. h5 a3 47. Bb1 Kc3 48. hxg6 hxg6 49. Ba2 g5 50. Ke4 Kb2 51. Bxc4 a2 52. Bxa2 Kxa2 53. Kf3 Bd6 54. Ke4 Bf4 55. Kf3 Kb3 56. Ke4 Kc3 57.
Kf3 Kd3 58. Kg2 Ke3 59. Kh3 Bd6 60. Kg2 Kf4 61. Kh3 Be7 62. Kg2 Kxg4 63. Kf2 Kf4 64. Kg2 g4 65. Kf2 g3+ 66. Kg2 Kg4 67. Kg1 Kf3 68. Kf1 g2+ 69. Kg1 Bc5+ 70. Kh2 g1=Q+ 71. Kh3 Qg3# 0-1

[Event "Late-Titled-Tuesday-Blitz-April-30-2024"]
[Site "Chess.com"]
[Date "2024.04.30"]
[Round "2"]
[White "IMRosen"]
[Black "Kombinator01"]
[Result "1-0"]
[WhiteElo "2691"]
[BlackElo "2389"]
[TimeControl "180+1"]
[EndTime "14:19:24 PDT"]
[Termination "IMRosen won by checkmate"]

1. c4 e6 2. Nc3 d5 3. d4 a6 4.
cxd5 exd5 5. Nf3 h6 6. Bf4 Nf6 7. e3 Bd6 8. Be5 Be6 9. Bd3 O-O 10. Qc2 Nc6 11. a3 Bxe5 12. Nxe5 Nxe5 13. dxe5 Ng4 14. O-O-O Nxe5 15. Bh7+ Kh8 16. f4 Nc4 17. Rhe1 c6 18. Bd3 b5 19. f5 Bd7 20. Bxc4 bxc4 21. e4 Qg5+ 22. Kb1 Rfe8 23. Qf2 Rad8 24. h4 Qg4 25. Ka1 dxe4 26. f6 Bf5 27. fxg7+ Kxg7 28. Rxd8 Rxd8 29. Qc5 Qg6 30. Rf1 Be6 31. Qe5+ Kg8 32. Nxe4 c3 33. Nf6+ Kf8 34. Qxc3 Qxg2 35. Qc5+ Kg7 36.
Rg1 Rd1+ 37. Rxd1 Kxf6 38. Qd4+ Kf5 39. Qd3+ Qe4 40. Qxa6 Bd5 41. Qd3 Ke5 42. Qxe4+ Kxe4 43. b4 f5 44. a4 f4 45. Kb2 f3 46. Kc3 Ke3 47.
a5 Ke2 48. Rd2+ Ke1 49. a6 f2 50. Rxf2 Kxf2 51. Kd4 Bf3 52. Kc5 Kg3 53. a7 Kxh4 54.
a8=Q h5 55. Qd8+ Kg3 56. Qd6+ Kg4 57. Kd4 h4 58. Ke3 h3 59. Qf4+ Kh5 60. Kxf3 h2 61. Qxh2+ Kg5 62. Qf4+ Kh5 63. Qg3 c5 64. Kf4 cxb4 65.
Qg5# 1-0

[Event "Late-Titled-Tuesday-Blitz-April-30-2024"]
[Site "Chess.com"]
[Date "2024.04.30"]
[Round "2"]
[White "platy3"]
[Black "Cipy77"]
[Result "1-0"]
[WhiteElo "2874"]
[BlackElo "2575"]
[TimeControl "180+1"]
[EndTime "14:19:25 PDT"]
[Termination "platy3 won by resignation"]

1. e4 c5 2. Nf3 d6 3. d4 cxd4 4. Nxd4 Nf6 5. Nc3 a6 6. Bd3 Nc6 7. Nxc6 bxc6 8. O-O g6 9. b3 Bg7 10. Bb2 O-O 11. Na4 c5 12. Qe1 Bd7 13. e5 Nd5 14.
Be4 Bxa4 15. Bxd5 Rb8 16. exd6 Qxd6 17. Bxg7 Kxg7 18. Rd1 Bb5 19. c4 Bc6 20. Bxf7 Qf6 21. Bd5 Bd7 22. Qe3 Rbc8 23. Rfe1 Rfe8 24. Qe5 Bf5 25. f4 Rcd8 26. Bf3 Qxe5 27. fxe5 Be6 28. Kf2 Rf8 29. Kg3 g5 30. h3 Kg6 31. Be4+ Kg7 32. Bd5 Bf5 33. e6 h5 34. Re5 Rf6 35. Rde1 h4+ 36. Kh2 Kh6 37. g3 hxg3+ 38. Kxg3 Kg6 39.
Rh1 Rd6 40. Rhe1 Rd8 41. h4 gxh4+ 42. Kxh4 Kg7 43. Rg1+ Bg6 44. Be4 Rd4 45. Rg4 Kh6 46. Bxg6 Rxg4+ 47. Kxg4 Kxg6 48. Rxc5 Rxe6 49. Kf3 Kf6 50.
b4 Rd6 51. a4 Rd3+ 52. Ke4 Ra3 53. Rc6+ e6 54. Rxa6 Ra1 55. b5 Re1+ 56. Kd3 Ke5 57.
b6 Rb1 58. a5 Kd6 59. b7+ Kc5 60. Rb6 Rd1+ 61. Kc2 1-0

[Event "Late-Titled-Tuesday-Blitz-April-30-2024"]
[Site "Chess.com"]
[Date "2024.04.30"]
[Round "2"]
[White "lamomiajunior"]
[Black "manmanlai1"]
[Result "0-1"]
[WhiteElo "2741"]
[BlackElo "2554"]
[TimeControl "180+1"]
[EndTime "14:19:25 PDT"]
[Termination "manmanlai1 won by resignation"]

1. d4 f5 2. Nc3 Nf6 3. Bf4 e6 4. e3 Be7 5. Bd3 O-O 6. h3 b6 7. Qf3 Nc6 8. d5 Nxd5 9. Nxd5 exd5 10. Qxd5+ Kh8 11. Bxf5 Bf6 12. O-O-O Bxb2+ 13. Kxb2 Qf6+ 14. c3 Qxf5 15. Qxf5 Rxf5 16. Nf3 d6 17. Nd4 Rc5 18. e4 Bd7 19. Be3 Re5 20. f3 Na5 21. Bf4 Re7 22. Ka1 Rf8 23. Bg3 Nc4 24. Rhe1 a5 25. Nc2 Ba4 26.
Rc1 h6 27. Nd4 Bd7 28. h4 Kg8 29. Ne2 Ne3 30. Rg1 Be6 31. Nd4 Bd7 32. Bf2 Nc4 33.
Rge1 Rfe8 34. g4 Rf7 35. Nf5 Kh7 36. h5 Ne5 37. Re3 Nc4 38. Re2 Bxf5 39. gxf5 Rxf5 40. Bd4 Rxf3 41. Rg1 Rf7 42. Reg2 Ree7 43. Kb1 c5 44.
Bf2 Rxe4 45. Bg3 Rg4 46. Bh2 Rxg2 47. Rxg2 Rf5 48. Kc2 Rxh5 49. Kd3 b5 50. Re2 Rh3+ 51. Ke4 Rxc3 52. Kd5 Rd3+ 53. Kc6 b4 54. Kb5 Ne5 55.
Kxa5 Ra3+ 56. Kb5 Rd3 57. Kb6 Rd4 58. Kc7 c4 59. Kb6 c3 60. Bxe5 dxe5 61. Rxe5 Rc4 62. Re1 c2 63. Rc1 Rc3 64. Kb5 b3 65. Kb4 b2 0-1